 Dungeon Crawl Stone Soup version 0.31-a0-165-g3f4f80340b (webtiles) character file.

Game seed: 18246278152876092693

67 qw the Shooter (level 4, 0/39 HPs)
             Began as a Naga Hunter on June 13, 2023.
             Slain by Robin
             ... wielding a +0 club
              (5 damage)
             ... on level 3 of the Dungeon.
             The game lasted 00:00:34 (1157 turns).

qw the Shooter (Naga Hunter)                        Turns: 1157, Time: 00:00:35

Health: 0/39       AC:  2    Str: 13    XL:     4   Next: 18%
Magic:  4/4        EV:  9    Int:  9    God:
Gold:   135        SH:  0    Dex: 17    Spells: 3/3 levels left

rFire   . . .        Y - +0 orcbow
rCold   . . .        (shield currently unavailable)
rNeg    . . .        c - +0 leather armour
rPois   +            (no helmet)
rElec   .            (no cloak)
rCorr   .            (no gloves)
SInv    +            (no barding)
Will    .....        a - amulet of faith
Stlth   ++           (no ring)
HPRegen 0.26/turn    (no ring)
MPRegen 0.09/turn

%: faith
@: very slow
A: AC +1, large, see invisible, deformed body, poison resistance, slowness 2,
spit poison 1, naga tail 1
a: Spit Poison


You were on level 3 of the Dungeon.
You visited 1 branch of the dungeon, and saw 3 of its levels.

You collected 135 gold pieces.


Innate Abilities, Weirdness & Mutations

Your serpentine skin is tough. (AC +1)
You have supernaturally acute eyesight. (SInv)
Armour fits poorly on your strangely shaped body.
Your system is resistant to poisons. (rPois)
You cover ground very slowly.
You can spit poison.
You have a snake-like lower body.


   Skills:
 + Level 2.3 Fighting
 - Level 5.0 Ranged Weapons
 - Level 1.5 Dodging
 - Level 1.5 Stealth


You had 3 spell levels left.
You didn't know any spells.
Your spell library was empty.

Inventory:

Hand Weapons
 Y - a +0 orcbow (weapon)
Armour
 c - a +0 leather armour (worn)
Jewellery
 a - an amulet of faith (around neck)
 e - an amulet of the acrobat
Scrolls
 g - 2 scrolls of identify
Potions
 d - a potion of curing
 f - a potion of degeneration {unknown}
 n - a potion of lignification {unknown}

Dungeon Overview and Level Annotations

Branches:
Dungeon (3/15)

Altars:

Annotations:
D:3 Robin


Message History

The goblin unwields a +0 club.
The goblin wields a +0 sling.
The goblin shoots a sling bullet.
The sling bullet barely misses you. Robin throws the goblin at you!
You shoot an arrow. The arrow hits the goblin.
The goblin is moderately wounded.
The goblin shoots a sling bullet.
The sling bullet misses you.
The sling bullet closely misses the goblin.
The goblin unwields a +0 sling.
The goblin wields a +0 club.
The goblin hits you with a +0 club.
The goblin shoots a sling bullet.
The sling bullet hits you.
You shoot an arrow. The arrow closely misses the goblin.
The goblin hits you with a +0 club.
Robin roars a battlecry!
The goblin goes into a battle-frenzy!
The goblin hits you with a +0 club.
You shoot an arrow. The arrow closely misses the goblin.
You have got your breath back.
The goblin hits you with a +0 club.
1154 ||| INVOKING Spit Poison.
Aiming: Spit Poison (1% risk of failure)
Press: ? - help, Shift-Dir - straight line, f/p - goblin The splash of poison hits the goblin.
The goblin is poisoned.
You kill the goblin!
Robin throws the goblin at you!
The goblin unwields a +0 sling.
The goblin wields a +0 dagger.
The goblin hits you with a +0 dagger.
The goblin unwields a +0 sling.
The goblin wields a +0 club.
The goblin hits you with a +0 club.
You shoot an arrow. The arrow barely misses Robin.
Robin hits you with a +0 club.
The goblin hits you but does no damage. x2
Robin closely misses you.
You shoot an arrow. The arrow hits Robin.
Robin is moderately wounded.
The goblin hits you with a +0 dagger. The goblin barely misses you.
Robin throws the goblin at you! The goblin barely misses you.
The goblin hits you with a +0 dagger.
You shoot an arrow. The arrow hits Robin!
Robin is severely wounded.
You have got your breath back.
Robin hits you with a +0 club.
You die...

#.# #.#.# #.
#.# ##.# #.#.#
# #.# #..#
#.#.# #.# #.##
#.#.# #.# #.# #
#.# .# # #.#
####.#.## #.#
#g).%...##
#.####g@g..)$).
#.##.....)..)).
#..........####
####.........)
#.......###
#......##
###.##.# #.#
... #.# ###


You could see Robin and 2 goblins.

Vanquished Creatures
  An adder (D:2)
  A worm (D:2)
  A dart slug (D:2)
  4 endoplasms
  A giant cockroach (D:1)
  9 goblins
  8 hobgoblins
  3 quokkas (D:1)
  2 ball pythons
  5 bats
  4 frilled lizards
  6 kobolds (D:1)
  8 rats
53 creatures vanquished.

Notes
Turn   | Place    | Note
-------+----------+-------------------------------------------
     0 | D:1      | qw the Naga Hunter began the quest for the Orb.
     0 | D:1      | Reached XP level 1. HP: 19/19 MP: 1/1
     0 | D:1      | 0 ||| qw: Version: 0.2-a-29-gc1b59c4
     0 | D:1      | 0 ||| qw: Game counter: 4682
     0 | D:1      | 0 ||| qw: Always use a shield: true
     0 | D:1      | 0 ||| qw: God list: Okawaru
     0 | D:1      | 0 ||| qw: Allow faded altars: false
     0 | D:1      | 0 ||| qw: Do Orc after D:15 true
     0 | D:1      | 0 ||| qw: Do second Lair branch before Depths: true
     0 | D:1      | 0 ||| qw: Lair rune preference: random
     0 | D:1      | 0 ||| qw: Plans: Normal
     0 | D:1      | 0 ||| PLANNING D:1-11
     9 | D:1      | 9 ||| INVOKING Spit Poison.
    71 | D:1      | 71 ||| INVOKING Spit Poison.
    94 | D:1      | 94 ||| INVOKING Spit Poison.
    99 | D:1      | 99 ||| INVOKING Spit Poison.
   156 | D:1      | 156 ||| INVOKING Spit Poison.
   157 | D:1      | Reached skill level 4 in Ranged Weapons
   157 | D:1      | Reached XP level 2. HP: 26/26 MP: 2/2
   186 | D:1      | 186 ||| SWAPPING to +0 orcbow.
   187 | D:1      | 187 ||| DROPPING +0 shortbow.
   190 | D:1      | 190 ||| INVOKING Spit Poison.
   215 | D:1      | 215 ||| INVOKING Spit Poison.
   237 | D:1      | 237 ||| INVOKING Spit Poison.
   243 | D:1      | 243 ||| INVOKING Spit Poison.
   271 | D:1      | 271 ||| INVOKING Spit Poison.
   278 | D:1      | 278 ||| INVOKING Spit Poison.
   335 | D:1      | 335 ||| INVOKING Spit Poison.
   339 | D:1      | 339 ||| INVOKING Spit Poison.
   447 | D:1      | 447 ||| INVOKING Spit Poison.
   472 | D:1      | 472 ||| INVOKING Spit Poison.
   521 | D:1      | 521 ||| UPGRADING to amulet of faith.
   526 | D:1      | 526 ||| DROPPING scroll of butterflies.
   530 | D:2      | 530 ||| INVOKING Spit Poison.
   533 | D:2      | 533 ||| STAIRDANCE
   536 | D:1      | 536 ||| INVOKING Spit Poison.
   538 | D:1      | Reached XP level 3. HP: 29/32 MP: 3/3
   551 | D:2      | 551 ||| INVOKING Spit Poison.
   553 | D:2      | 553 ||| STAIRDANCE
   556 | D:1      | 556 ||| INVOKING Spit Poison.
   560 | D:1      | 560 ||| INVOKING Spit Poison.
   728 | D:2      | 728 ||| INVOKING Spit Poison.
   738 | D:2      | 738 ||| INVOKING Spit Poison.
   744 | D:2      | 744 ||| INVOKING Spit Poison.
   747 | D:2      | 747 ||| INVOKING Spit Poison.
   760 | D:2      | 760 ||| INVOKING Spit Poison.
   763 | D:2      | 763 ||| INVOKING Spit Poison.
   878 | D:2      | 878 ||| INVOKING Spit Poison.
   881 | D:2      | 881 ||| INVOKING Spit Poison.
   927 | D:2      | 927 ||| INVOKING Spit Poison.
   930 | D:2      | 930 ||| INVOKING Spit Poison.
   956 | D:2      | 956 ||| INVOKING Spit Poison.
   991 | D:2      | 991 ||| READING 3 scrolls labelled QUSSOH TUAK.
   992 | D:2      | 992 ||| READING scroll labelled GOSYAF FOAMUQA.
   993 | D:2      | 993 ||| READING scroll labelled NUTOAG NURAEX.
   994 | D:2      | 994 ||| READING scroll labelled IGIKEC SATZOJU.
   999 | D:2      | 999 ||| READING scroll labelled CAS BIFI NACE.
  1000 | D:2      | 1000 ||| READING 3 scrolls labelled HUOSUMYEFA.
  1001 | D:2      | 1001 ||| READING scroll labelled ESTREU GOIF.
  1058 | D:2      | 1058 ||| READING 2 scrolls of identify.
  1058 | D:2      | 1058 ||| IDENTIFYING brown potion
  1059 | D:2      | 1059 ||| DROPPING 2 scrolls of fog.
  1069 | D:3      | 1069 ||| PLANNING SEWER
  1077 | D:3      | 1077 ||| INVOKING Spit Poison.
  1083 | D:3      | 1083 ||| INVOKING Spit Poison.
  1094 | D:3      | Reached skill level 5 in Ranged Weapons
  1132 | D:3      | Reached XP level 4. HP: 39/39 MP: 4/4
  1142 | D:3      | 1142 ||| INVOKING Spit Poison.
  1145 | D:3      | Noticed Robin
  1146 | D:3      | 1146 ||| INVOKING Spit Poison.
  1149 | D:3      | 1149 ||| INVOKING Spit Poison.
  1154 | D:3      | 1154 ||| INVOKING Spit Poison.
  1155 | D:3      | HP: 9/39 [Robin/+0 club (1)]
  1156 | D:3      | HP: 4/39 [goblin/+0 dagger[Robin] (3)]
  1157 | D:3      | Slain by Robin

Levels and vault maps discovered:
D:1:      spicycebolla_arrival_xxxplode, layout_basic
D:2:      layout_rooms
D:3:      layout_loops_ring, portal_sewer_entry_a, uniq_sigmund, uniq_robin

Skill      XL: |  1  2  3 |
---------------+----------+-----
Ranged Weapons | 4 5 |  5.0
Fighting       | |  2.3
Dodging        | |  1.5
Stealth        | |  1.5

Action                     |  1- 3 |  4- 6 || total
---------------------------+-------+-------++-------
   Fire: Shortbow          |     9 |       ||     9
         Orcbow            |    57 |    16 ||    73
Ability: Spit Poison       |    33 |     4 ||    37
    Use: Scroll            |     8 |       ||     8
 Armour: Leather armour    |     6 |     4 ||    10
  Dodge: Dodged            |    16 |    10 ||    26

Table legend:
 A = Non-vault XP
 B = Vault XP
 C = Vault XP percentage of total XP
 D = Non-vault monster count
 E = Vault monster count
 F = Vault count percentage of total count
                 A         B        C        D         E       F
            +---------+---------+-------+---------+---------+-------
      Total |      82 |      15 |  15.5 |      44 |       9 |  17.0
            +---------+---------+-------+---------+---------+-------
        D:1 |      37 |       0 |   0.0 |      24 |       0 |   0.0
        D:2 |      42 |       0 |   0.0 |      17 |       0 |   0.0
        D:3 |       3 |      15 |  83.3 |       3 |       9 |  75.0
            +---------+---------+-------+---------+---------+-------
